 Dungeon Crawl Stone Soup version 0.22-a0-423-g4197694 (webtiles) character file.

49 iamserjio the Ducker (level 3, -2/18 HPs)
             Began as a Spriggan Transmuter on May 23, 2018.
             Shot with a stone by a kobold (5 damage)
             ... on level 2 of the Dungeon.
             The game lasted 00:04:58 (1171 turns).

iamserjio the Ducker (Spriggan Transmuter)          Turns: 1171, Time: 00:04:59

Health: -2/18      AC:  2    Str:  7    XL:     3   Next: 53%
Magic:  8/8        EV: 19    Int: 14    God:
Gold:   81         SH:  0    Dex: 16    Spells: 6/7 levels left

rFire    . . .     SeeInvis +     - Unarmed
rCold    . . .     Gourm    .   (shield restricted)
rNeg     . . .     Faith    .   b - +0 robe
rPois    .         Spirit   .   (helmet restricted)
rElec    .         Reflect  .   (no cloak)
rCorr    .         Harm     .   (gloves unavailable)
MR       .....                  (boots unavailable)
Stlth    +.........             (no amulet)
HPRegen  0.06/turn              (no ring)
MPRegen  0.11/turn              (no ring)

@: very quick
A: very small, unfitting armour, see invisible, herbivore, speed 3, slow
metabolism 2
a: no special abilities


You were on level 2 of the Dungeon.
You were not hungry.

You visited 1 branch of the dungeon, and saw 2 of its levels.

You collected 81 gold pieces.

Inventory:

Missiles
 a - 31 arrows
 e - 26 stones (quivered)
Armour
 b - a +0 robe (worn)
Scrolls
 c - a scroll of enchant weapon {unknown}
 f - a scroll of teleportation {unknown}
Comestibles
 d - 3 rations


   Skills:
 - Level 1.0 Fighting
 + Level 3.8 Dodging
 * Level 3.1 Unarmed Combat
 - Level 2.6 Spellcasting
 + Level 3.4 Transmutations


You had 6 spell levels left.
You knew the following spells:

 Your Spells              Type           Power        Failure   Level  Hunger
a - Beastly Appendage     Tmut           ##....       5%          1    #......

Your spell library contained the following spells:

 Spells                   Type           Power        Failure   Level  Hunger
 Spider Form              Tmut/Pois      #.........   32%         3    ###....
 Blade Hands              Tmut           ##........   83%         5    ######.
 Ice Form                 Ice/Tmut       #.......     73%         4    #####..
 Sticks to Snakes         Tmut           ##......     9%          2    ###....


Dungeon Overview and Level Annotations

Branches:
Dungeon (2/15)

Altars:


Innate Abilities, Weirdness & Mutations

You are very small and have problems with some larger weapons.
You are too small for most types of armour.
You have supernaturally acute eyesight. (SInv)
You are a herbivore.
You cover ground extremely quickly.
You need to consume almost no food.


Message History

You now have 81 gold pieces (gained 10).
The kobold shoots a stone.
The stone hits you.
Found a ration.
d - 3 rations (gained 1)
There are no items here.
A kobold comes into view.
The kobold shouts!
Found a ration.
An adder comes into view.
A frilled lizard comes into view.
Found 18 arrows.
The kobold shoots a stone.
The stone hits you.
* * * LOW HITPOINT WARNING * * *
You see here a stone.
The kobold shoots a stone.
The stone barely misses you.
The kobold shoots a stone.
The stone hits you.
* * * LOW HITPOINT WARNING * * *
You see here a stone.
The kobold shoots a stone.
The stone hits you.
You die...

##### ############ ###...###
#..........# #...l.((###
#..........#
....#.....####........).#
.l#...#....(##.......<รท.###
#...#...#.K.....@......[..# #
..#S..#...#K##..........#......
#...#...#...#########.######...
..#...#...#K# ####K..........
#...#...#...#####.)..##.#....#
..#...#...#.......#####...##..
.#...#......>.## ###..#
..#...#...(..# ....#
#...#....##### #.##


You could see 2 kobolds.

Vanquished Creatures
  An adder (D:2)
  2 dart slugs (D:1)
  3 orcs (D:2)
  A ball python (D:1)
  6 bats (D:1)
  6 hobgoblins
  2 frilled lizards
  6 goblins (D:1)
  A kobold (D:1)
  3 rats
31 creatures vanquished.

Notes
Turn   | Place    | Note
-------+----------+-------------------------------------------
     0 | D:1      | iamserjio the Spriggan Transmuter began the quest for the Orb.
     0 | D:1      | Reached XP level 1. HP: 9/9 MP: 5/5
   349 | D:1      | Reached skill level 1 in Fighting
   384 | D:1      | Reached XP level 2. HP: 13/14 MP: 4/6
   796 | D:1      | Reached XP level 3. HP: 7/18 MP: 8/8
  1171 | D:2      | Shot with a stone by a kobold

Vault maps used:
D:1:      sevenhm_arrival_forest_fort_large_4
D:2:      gammafunk_temple_overflow_arena, hex_medium

Skill      XL: |  1  2 |
---------------+-------+-----
Fighting       | 1 |  1.0
Transmutations | 3 |  3.4
Unarmed Combat | 3 |  3.1
Dodging        | |  3.8
Spellcasting   | |  2.6

Action                   || total
-------------------------++-------
Melee: Unarmed           ||   138
       Kick              ||     5
       Headbutt          ||    12
       Punch             ||     2
 Cast: Beastly Appendage ||    10
 Stab: Sleeping          ||     1
Armor: Robe              ||    19
Dodge: Dodged            ||   116

Table legend:
 A = Spawn XP
 B = Non-spawn XP
 C = Spawn XP percentage of total XP
 D = Spawn monster count
 E = Non-spawn monster count
 F = Spawn count percentage of total count
 G = Total turns spent on level
                    A         B        C        D         E        F      G
               +---------+---------+-------+---------+---------+-------+---------
         Total |       0 |      71 |   0.0 |       0 |      31 |   0.0 |  1171
               +---------+---------+-------+---------+---------+-------+---------
           D:1 |       0 |      42 |   0.0 |       0 |      23 |   0.0 |   830
           D:2 |       0 |      29 |   0.0 |       0 |       8 |   0.0 |   341
               +---------+---------+-------+---------+---------+-------+---------
